 Dungeon Crawl Stone Soup version 0.24.0-13-gcf9b319 (webtiles) character file.

Game seed: 5725662472925635438, levelgen mode: deterministic

3728 EndlessMike the Grappler (level 9, -8/67 HPs)
             Began as a Demonspawn Chaos Knight on Apr 13, 2020.
             Was a Plaything of Xom.
             Mangled by an orc warrior
             ... wielding a +0 spear
              (11 damage)
             ... in a bailey.
             The game lasted 00:16:50 (6964 turns).

EndlessMike the Grappler (Demonspawn Chaos Knight)  Turns: 6964, Time: 00:16:51

Health: -8/67      AC: 20    Str: 20    XL:     9   Next: 92%
Magic:  9/9        EV:  8    Int: 14    God:    Xom [*.....]
Gold:   382        SH:  0    Dex: 13    Spells: 8/8 levels left

rFire    + . .     SeeInvis .     - Unarmed
rCold    + + .     Gourm    .   (no shield)
rNeg     . . .     Faith    .   l - +3 chain mail {rC+}
rPois    .         Spirit   .   (no helmet)
rElec    .         Reflect  .   o - +0 cloak
rCorr    .         Harm     .   (no gloves)
MR       +....                  y - +0 pair of boots (curse)
Stlth    ..........             (no amulet)
HPRegen  0.21/turn              j - ring of wizardry
MPRegen  0.11/turn              w - ring of protection from magic

@: mighty, studying Shields
A: talons 1, rugged brown scales 3, cold resistance 1, fire resistance 1,
freezing cloud immunity
a: Renounce Religion


You were in a bailey.
You worshipped Xom.
You were a special plaything of Xom.
You were not hungry.

You visited 1 branch of the dungeon, and saw 9 of its levels.
You also visited: Sewer and Bailey.

You collected 382 gold pieces.

Inventory:

Missiles
 a - 11 poisoned darts (quivered)
 s - 8 javelins
 v - 7 boomerangs
Armour
 l - a +3 chain mail of cold resistance (worn)
 o - a +0 cloak (worn)
 y - a cursed +0 pair of boots (worn)
Jewellery
 j - a ring of wizardry (left hand)
 w - a ring of protection from magic (right hand)
Scrolls
 c - 3 scrolls of teleportation
 i - a scroll of fear
 k - a scroll of fog
 m - a scroll of magic mapping
 q - 2 scrolls of noise
 t - a scroll of enchant armour {unknown}
 x - a scroll of remove curse
 D - a scroll of blinking {unknown}
Potions
 d - a potion of curing
 e - 2 potions of resistance
 f - 2 potions of brilliance
 h - 3 potions of heal wounds
 n - 2 potions of flight
 r - 5 potions of might
 A - 2 potions of ambrosia
Books
 g - a manual of Shields
Comestibles
 b - 9 rations


   Skills:
 - Level 3.0 Fighting
 + Level 9.0 Armour
 - Level 0.8 Dodging
 - Level 10.1 Unarmed Combat


You had 8 spell levels left.
You didn't know any spells.
Your spell library contained the following spells:

 Spells                   Type           Power        Failure   Level  Hunger
 Animate Skeleton         Necr           N/A          61%         1    ##.....
 Apportation              Tloc           #.....       61%         1    ##.....
 Confusing Touch          Hex            #.....       61%         1    ##.....
 Summon Small Mammal      Summ           #...         61%         1    ##.....


Dungeon Overview and Level Annotations

Branches:
Dungeon (9/15)             Temple (0/1) D:4            Lair (0/6) D:9
    Orc (0/2) D:9           Sewer (visited)          Bailey (1/1)

Altars:
Ashenzari
Xom
Zin
The Shining One
Beogh


Innate Abilities, Weirdness & Mutations

You have sharp toenails.
You are completely covered in rugged brown scales. (AC +3, +7% HP)
Your flesh is cold resistant. (rC+)
You are immune to freezing clouds.
Your flesh is heat resistant. (rF+)


Message History

The orc warrior hits you with a +0 halberd.
The orc barely misses you.
The orc mumbles something.
The orc barely misses the orc.
The orc hits you but does no damage.
You punch the orc warrior!
The orc warrior is moderately wounded.
The orc hits you but does no damage.
The orc warrior hits you with a +0 spear!
* * * LOW HITPOINT WARNING * * *
The orc hits you but does no damage. The orc hits you with a +0 halberd.
* * * LOW HITPOINT WARNING * * *
The orc warrior hits you with a +0 halberd!
* * * LOW HITPOINT WARNING * * *
The orc barely misses the orc.
Your chain mail prevents you from hitting the orc warrior.
The orc warrior is moderately wounded.
The orc hits you but does no damage. x2
The orc warrior hits you with a +0 spear!
You die...
Xom cackles wildly!

#+++++#
##.....##
#.......#
#.......#
#.......#
#.......#
#.......#
#..o..#
##'o@##


#.oooo# #o..o.# #..).o# #...).# #.....# ##'''## ##.....## #.......# You could
see 3 orc warriors and 6 orcs.

Vanquished Creatures
  Erica (D:9)
  Pikel (D:4)
  Grinder (D:6)
  A hippogriff (D:6)
  Menkaure (D:6)
  A water moccasin (D:8)
  7 orc warriors
  A sky beast (D:9)
  2 ogres
  A crocodile (Sewer)
  4 bullfrogs
  A crimson imp (D:9)
  A howler monkey (D:2)
  A jelly (D:7)
  3 hounds
  An orc wizard (D:6)
  4 orc priests
  Crazy Yiuf (D:2)
  2 bullfrog skeletons
  Terence (D:2)
  An iguana (D:5)
  2 worker ants
  A killer bee zombie (D:6)
  A hound zombie (D:6)
  A howler monkey skeleton (D:4)
  8 adders
  2 shadow imps
  2 oozes
  An adder zombie (D:7)
  An adder skeleton (D:9)
  2 dart slugs
  2 worms
  3 leopard geckos
  50 orcs
  A ball python (D:6)
  9 bats
  7 giant cockroaches
  5 goblins
  8 hobgoblins
  3 jackals
  A quokka (D:6)
  2 frilled lizards
  8 kobolds
  2 leopard gecko skeletons
  12 rats
171 creatures vanquished.

Vanquished Creatures (collateral kills)
  A sky beast (D:5)
  An ogre (D:8)
  A phantom (D:5)
3 creatures vanquished.

Grand Total: 174 creatures vanquished

Notes
Turn   | Place    | Note
-------+----------+-------------------------------------------
     0 | D:1      | EndlessMike the Demonspawn Chaos Knight began the quest for
                  | the Orb.
     0 | D:1      | Reached XP level 1. HP: 18/18 MP: 1/1
    41 | D:1      | Reached skill level 3 in Unarmed Combat
    73 | D:1      | Gained mutation: You are partially covered in rugged brown
                  | scales. (AC +1, +3% HP) [demonic ancestry]
    73 | D:1      | Reached XP level 2. HP: 10/24 MP: 2/2
    76 | D:1      | XOM: smoke on damage
   231 | D:1      | XOM: harmless Tloc miscast
   677 | D:1      | Gained mutation: You are mostly covered in rugged brown
                  | scales. (AC +2, +5% HP) [demonic ancestry]
   677 | D:1      | Reached XP level 3. HP: 19/30 MP: 3/3
   932 | D:1      | Reached skill level 4 in Unarmed Combat
  1216 | D:2      | XOM: harmless Chrm miscast
  1319 | D:2      | Found a glowing golden altar of the Shining One.
  1351 | D:2      | Reached XP level 4. HP: 25/36 MP: 4/4
  1360 | D:2      | Noticed Terence
  1361 | D:2      | XOM: harmless Air miscast
  1368 | D:2      | XOM: enchant monster (good)
  1371 | D:2      | XOM: swap monsters
  1404 | D:2      | Killed Terence
  1404 | D:2      | Reached skill level 5 in Unarmed Combat
  2083 | D:2      | Found a runed translucent door.
  2084 | D:2      | Noticed Crazy Yiuf
  2238 | D:2      | Found a glowing silver altar of Zin.
  2239 | D:2      | Noticed an angel
  2417 | D:2      | Killed Crazy Yiuf
  2417 | D:2      | Gained mutation: You are completely covered in rugged brown
                  | scales. (AC +3, +7% HP) [demonic ancestry]
  2417 | D:2      | Reached XP level 5. HP: 31/43 MP: 5/5
  2713 | D:3      | XOM: summons 2 hostile demons
  3101 | D:3      | XOM: scenery: create altars
  3276 | D:3      | XOM: god gift: 3 boomerangs
  3609 | D:4      | Found a shimmering altar of Xom.
  3610 | D:4      | Found a shattered altar of Ashenzari.
  3702 | D:4      | XOM: cloud trail
  3735 | D:4      | Noticed a fire bat
  3735 | D:4      | a scorpion changed into a fire bat
  3841 | D:4      | Noticed Pikel
  3841 | D:4      | Noticed a slave
  3841 | D:4      | Noticed a slave
  3841 | D:4      | Noticed a slave
  3841 | D:4      | Noticed a slave
  3850 | D:4      | XOM: destruction
  3854 | D:4      | XOM: scenery: 1 doors open, 1 doors close
  3860 | D:4      | XOM: confuse monster(s)
  3864 | D:4      | XOM: mild Chrm miscast
  3865 | D:4      | Killed Pikel
  3865 | D:4      | Reached skill level 6 in Unarmed Combat
  3865 | D:4      | Gained mutation: Your flesh is cold resistant. (rC+)
                  | [demonic ancestry]
  3865 | D:4      | Reached XP level 6. HP: 31/50 MP: 6/6
  3993 | D:4      | Reached XP level 7. HP: 55/55 MP: 7/7
  4006 | D:4      | Found a staircase to the Ecumenical Temple.
  4069 | D:5      | Entered Level 5 of the Dungeon
  4071 | D:5      | XOM: enchant monster (good)
  4101 | D:5      | XOM: smoke on damage
  4246 | D:5      | XOM: scenery: create altars
  4299 | D:5      | XOM: divination: magic mapping
  4308 | D:5      | XOM: cast spell 'Summon Horrible Things'
  4444 | D:6      | Noticed Menkaure
  4459 | D:6      | Killed Menkaure
  4459 | D:6      | Reached skill level 7 in Unarmed Combat
  4473 | D:6      | XOM: smoke on damage
  4478 | D:6      | Noticed a hippogriff
  4592 | D:6      | Reached skill level 5 in Armour
  4599 | D:6      | Found a glowing drain.
  4603 | Sewer    | Entered a sewer
  4858 | Sewer    | XOM: fake destruction
  4868 | Sewer    | Gained mutation: You have sharp toenails. [demonic
                  | ancestry]
  4868 | Sewer    | Reached XP level 8. HP: 54/62 MP: 8/8
  4900 | Sewer    | XOM: cloud trail
  5090 | D:6      | XOM: cleaving
  5098 | D:6      | Killed a hippogriff
  5291 | D:6      | XOM: summons 8 friendly demons
  5293 | D:6      | Reached skill level 8 in Unarmed Combat
  5295 | D:6      | XOM: 1-stop teleportation journey
  5578 | D:6      | Noticed Grinder
  5601 | D:6      | XOM: divination: detect creatures
  5607 | D:6      | XOM: summons friendly ufetubus
  5619 | D:6      | XOM: give mutations
  5619 | D:6      | Gained mutation: You have supernaturally acute eyesight.
                  | (SInv) [Xom's grace]
  5619 | D:6      | Gained mutation: You have a pair of small horns on your
                  | head. [Xom's grace]
  5627 | D:6      | Killed Grinder
  5638 | D:7      | XOM: potion effect (might)
  5650 | D:7      | XOM: scenery: create altars
  5686 | D:7      | XOM: divination: magic mapping
  5695 | D:7      | Noticed a hippogriff
  5703 | D:7      | XOM: cast spell 'Cause Fear'
  5889 | D:9      | Found a roughly hewn altar of Beogh.
  5889 | D:9      | Found a staircase to the Orcish Mines.
  5890 | D:9      | Noticed Erica
  5895 | D:9      | Gained mutation: You are immune to freezing clouds.
                  | [demonic ancestry]
  5895 | D:9      | Reached XP level 9. HP: 22/67 MP: 9/9
  5895 | D:9      | Reached skill level 9 in Unarmed Combat
  5897 | D:9      | HP: 1/67 [Erica/orb of energy (6)]
  6011 | D:8      | XOM: scenery: 1 doors close
  6029 | D:8      | XOM: summons 9 friendly demons
  6105 | D:9      | XOM: divination: detect creatures
  6106 | D:9      | XOM: fog
  6107 | D:9      | Killed Erica
  6110 | D:9      | Reached skill level 10 in Unarmed Combat
  6114 | D:9      | XOM: divination: magic mapping
  6181 | D:9      | Found a flagged portal.
  6189 | Bailey   | Entered a bailey
  6462 | Bailey   | XOM: god gift: 5 rations
  6473 | Bailey   | XOM: scenery: 1 doors open
  6568 | Bailey   | XOM: enchant monster (bad)
  6580 | Bailey   | Lost mutation: You have a pair of small horns on your head.
                  | [potion of mutation]
  6580 | Bailey   | Lost mutation: You have supernaturally acute eyesight.
                  | (SInv) [potion of mutation]
  6580 | Bailey   | Gained mutation: Your flesh is heat resistant. (rF+)
                  | [potion of mutation]
  6580 | Bailey   | Gained mutation: You are agile. (Dex +2) [potion of
                  | mutation]
  6605 | Bailey   | XOM: chaos upgrade
  6709 | Bailey   | XOM: give mutation
  6709 | Bailey   | Lost mutation: You are agile. (Dex +2) [Xom's mischief]
  6791 | Bailey   | XOM: harmless Conj miscast
  6937 | Bailey   | XOM: chaos upgrade
  6942 | Bailey   | XOM: 1-stop teleportation journey
  6954 | Bailey   | XOM: swap monsters
  6963 | Bailey   | HP: 3/67 [orc warrior/+0 halberd (10)]
  6964 | Bailey   | Mangled by an orc warrior

Levels and vault maps discovered:
D:1:      onia_arrival_larder, layout_loops_ring, minmay_tripent
D:2:      layout_loops_ring, nicolae_tso_swordbearing_angel, zin_angel,
          uniq_crazy_yiuf_cottage, uniq_terence
D:3:      layout_basic, minmay_fractal_squares_5
D:4:      layout_gridville, gammafunk_temple_overflow_pools, temple_doors_e,
          kennysheep_generic_room_4, uniq_pikel
D:5:      layout_loops_corners, nicolae_overflow_hidden_temple, first_ration
D:6:      layout_basic, gup_sewer_entry_bowl, minmay_manual_mail, uniq_grinder,
          uniq_menkaure
D:7:      layout_basic, nemelex_altar_shiori
D:8:      layout_gridville, serial_shops, shop, uniq_joseph
D:9:      layout_basic, grunt_lair_entry_orc_guard_hut, david_orc_5,
          enter_bailey_3, uniq_erica
Bailey:   bailey_polearm_5, bailey

Skill      XL: |  1  2  3  4  5  6  7  8  9 |
---------------+----------------------------+-----
Unarmed Combat | 3 4 5 6 7 8 10 | 10.1
Armour         | 3 5 7 9 |  9.0
Fighting       | |  3.0
Dodging        | |  0.8

Action                   |  1- 3 |  4- 6 |  7- 9 || total
-------------------------+-------+-------+-------++-------
Melee: Unarmed           |   121 |   226 |   372 ||   719
       Punch             |     1 |     7 |     6 ||    14
       Kick              |       |       |     8 ||     8
       Headbutt          |       |       |    18 ||    18
Throw: Dart              |       |    12 |       ||    12
Evoke: Wand              |       |     1 |     3 ||     4
  Use: Scroll            |       |     2 |    13 ||    15
       Potion            |       |     1 |    12 ||    13
 Stab: Sleeping          |     2 |       |       ||     2
       Petrified         |       |    22 |       ||    22
       Petrifying        |       |     1 |       ||     1
       Confused          |       |     2 |       ||     2
       Invisible         |       |       |     2 ||     2
  Eat: Chunk             |     1 |     3 |     6 ||    10
       Ration            |       |     2 |     1 ||     3
Armor: Leather armour    |    43 |    21 |       ||    64
       Chain mail        |       |   139 |   308 ||   447
       Skin              |       |     2 |    13 ||    15
Dodge: Dodged            |    54 |    89 |   255 ||   398
